 Dungeon Crawl Stone Soup version 0.31-a0-221-gbddc013574 (webtiles) character file.

Game seed: 10838169694469264645

651 qw the Chopper (level 7, -2/43 HPs)
             Began as a Gargoyle Fighter on July 4, 2023.
             Slain by Prince Ribbit (12 damage)
             ... on level 5 of the Dungeon.
             The game lasted 00:01:56 (2934 turns).

qw the Chopper (Gargoyle Fighter)                   Turns: 2934, Time: 00:01:57

Health: -2/43      AC: 13    Str: 22    XL:     7   Next: 53%
Magic:  7/7        EV:  8    Int:  8    God:
Gold:   248        SH:  4    Dex:  9    Spells: 6/6 levels left

rFire   . . .        Y - +1 war axe
rCold   . . .        c - +0 buckler
rNeg    + + .        j - +0 chain mail
rPois   inf          (helmet restricted)
rElec   +            (no cloak)
rCorr   .            (no gloves)
SInv    .            (no boots)
Will    .....        (no amulet) Stlth
                     e - ring of positive energy
HPRegen 0.27/turn    (no ring)
MPRegen 0.10/turn

%: no passive effects
@: no status effects
A: sickness immunity, AC +4, negative energy resistance 1, electricity
resistance, torment resistance 1, petrification resistance, antennae 1, mutation
resistance 1
a: no special abilities


You were on level 5 of the Dungeon.
You visited 1 branch of the dungeon, and saw 5 of its levels.

You collected 248 gold pieces.


Innate Abilities, Weirdness & Mutations

You are immune to sickness and miasma.
Your stone body is resilient. (AC +4)
You are immune to poison.
You resist negative energy. (rN+)
You are resistant to electric shocks. (rElec)
You are resistant to unholy torment.
You are immune to petrification.
You have a pair of small antennae on your head.
You are somewhat resistant to further mutation.


   Skills:
 + Level 4.0 Fighting
 - Level 7.0 Axes
 - Level 3.2 Armour
 - Level 1.1 Dodging
 - Level 3.2 Shields


You had 6 spell levels left.
You didn't know any spells.
Your spell library was empty.

Inventory:

Hand Weapons
 o - a +0 flail
 Y - a +1 war axe (weapon)
Armour
 c - a +0 buckler (worn)
 j - a +0 chain mail (worn)
Jewellery
 e - a ring of positive energy (left hand)
Wands
 b - a wand of digging (7)
Scrolls
 a - a scroll of identify
Potions
 d - a potion of might
 f - a potion of mutation
 g - a potion of lignification
 h - a potion of degeneration {unknown}
 i - a potion of resistance {unknown}
 l - a potion of enlightenment {unknown}
 m - a potion of attraction
 n - a potion of brilliance {unknown}

Dungeon Overview and Level Annotations

Branches:
Dungeon (5/15)
 Temple: D:4-7

Altars:
Qazlal

Shops:
D:1 :   D:4 :

Annotations:
D:3 2 transporters, qw's ghost, amateur GrFi
D:5 Prince Ribbit


Message History

Prince Ribbit is lightly wounded.
Prince Ribbit hits you but does no damage.
Prince Ribbit hits you!
You closely miss Prince Ribbit.
Prince Ribbit is lightly wounded.
Prince Ribbit hits you but does no damage.
You barely miss Prince Ribbit.
Prince Ribbit is lightly wounded.
You block Prince Ribbit's attack. Prince Ribbit hits you!
You barely miss Prince Ribbit.
Prince Ribbit is lightly wounded.
Prince Ribbit blinks!
Prince Ribbit blinks!
Prince Ribbit lets out a mournful croak.
Menkaure casts a spell.
Menkaure seems to speed up.
Prince Ribbit blinks!
You barely miss Menkaure. Menkaure completely misses you.
Menkaure barely misses you.
You slash Menkaure!
Menkaure is severely damaged.
Prince Ribbit blinks!
Menkaure hits you!
You slash Menkaure!
Menkaure is almost destroyed.
Menkaure hits you but does no damage.
Prince Ribbit catches a fly with his tongue.
You hit Menkaure.
Menkaure is almost destroyed.
You block Menkaure's attack. Menkaure hits you but does no damage.
You hit Menkaure.
You destroy Menkaure!
You closely miss Prince Ribbit.
Prince Ribbit hits you but does no damage.
Your Axes skill increases to level 7!
You slash Prince Ribbit!
Prince Ribbit is moderately wounded.
Prince Ribbit completely misses you. Prince Ribbit hits you!
You barely miss Prince Ribbit.
Prince Ribbit is moderately wounded.
You block Prince Ribbit's attack. Prince Ribbit hits you!
You die...

.### .... .. . ...#
. .## ... #.?.. ...
#.#.####.###
#...##.....##
#.#.#.@F....#
#...#......!# #
###....._.....
#.###.#<..#.......#.
..........#.......#
#.###.###.##.....##
#. #.####.### # #..
... ###. ....


You could see Prince Ribbit.

Vanquished Creatures
  Grinder (D:3)
  Menkaure (D:5)
  2 hounds (D:4)
  An orc priest (D:4)
  2 orc wizards (D:4)
  4 gnolls (D:4)
  6 adders
  An ufetubus (D:5)
  5 worms
  2 dart slugs
  9 orcs
  6 ball pythons
  6 endoplasms
  3 hobgoblins
  3 jackals (D:2)
  3 quokkas
  6 bats
  5 frilled lizards
  14 goblins
  4 kobolds
  7 rats
91 creatures vanquished.

Notes
Turn   | Place    | Note
-------+----------+-------------------------------------------
     0 | D:1      | qw the Gargoyle Fighter began the quest for the Orb.
     0 | D:1      | Reached XP level 1. HP: 14/14 MP: 1/1
     0 | D:1      | 0 ||| qw: Version: 0.3-a-41-g9d075ac
     0 | D:1      | 0 ||| qw: Game counter: 745
     0 | D:1      | 0 ||| qw: Melee chars always use a shield: true
     0 | D:1      | 0 ||| qw: God list: Okawaru
     0 | D:1      | 0 ||| qw: Allow faded altars: false
     0 | D:1      | 0 ||| qw: Do Orc after clearing Dungeon:15 true
     0 | D:1      | 0 ||| qw: Do second Lair branch before Depths: true
     0 | D:1      | 0 ||| qw: Lair rune preference: random
     0 | D:1      | 0 ||| qw: Goals: Normal, Zot:1-4, Slime:5, God:TSO, Crypt,
                  | Tomb, Abyss, Pan, Hells, Win
     0 | D:1      | 0 ||| PLANNING D:1-11
    26 | D:1      | 26 ||| Stepping ~*~*~tactically~*~*~ (stealth).
    30 | D:1      | 30 ||| FLEEEEING.
    35 | D:1      | Reached skill level 2 in Axes
    65 | D:1      | Found Ykkos's Vocational Training.
    82 | D:1      | Reached XP level 2. HP: 13/19 MP: 2/2
   258 | D:1      | Reached skill level 3 in Axes
   276 | D:1      | 276 ||| DROPPING +0 club.
   380 | D:1      | Reached XP level 3. HP: 23/23 MP: 3/3
   499 | D:1      | 499 ||| UPGRADING to ring of positive energy.
   500 | D:1      | 500 ||| READING scroll labelled FUTOCR IWKEWKU.
   501 | D:1      | 501 ||| READING scroll labelled VEMEFF CUOB.
   502 | D:1      | 502 ||| READING scroll labelled ETI RAUS NANUI.
   545 | D:2      | 545 ||| Stepping ~*~*~tactically~*~*~ (stealth).
   592 | D:2      | 592 ||| DROPPING +0 whip.
   785 | D:2      | Reached XP level 4. HP: 28/28 MP: 4/4
   970 | D:2      | Reached skill level 4 in Axes
  1143 | D:2      | 1143 ||| DROPPING ring of wizardry.
  1144 | D:2      | 1144 ||| READING scroll labelled LUTSUIWKON.
  1145 | D:2      | 1145 ||| READING scroll labelled PITESH LUCAI.
  1150 | D:2      | 1150 ||| READING scroll labelled GUFFIGI JOAWUS.
  1151 | D:2      | 1151 ||| READING scroll labelled DIH TEGRAFUWU.
  1301 | D:3      | 1301 ||| Stepping ~*~*~tactically~*~*~ (hiding).
  1568 | D:3      | Found a transporter.
  1580 | D:3      | Noticed qw's ghost (amateur GrFi)
  1591 | D:3      | Found a transporter.
  1730 | D:3      | Noticed Grinder
  1730 | D:3      | Paralysed by Grinder for 5 turns
  1742 | D:3      | 1742 ||| Stepping ~*~*~tactically~*~*~ (hiding).
  1753 | D:3      | Killed Grinder
  1754 | D:3      | Reached skill level 5 in Axes
  1754 | D:3      | Reached XP level 5. HP: 13/32 MP: 5/5
  1754 | D:3      | Reached XP level 6. HP: 15/37 MP: 6/6
  1843 | D:3      | Identified the staff "Rogyusuf" {rElec rPois rF+ Will+
                  | Fire}
  2168 | D:3      | 2168 ||| UPGRADING to +0 chain mail.
  2178 | D:3      | 2178 ||| DROPPING +0 scale mail.
  2179 | D:3      | 2179 ||| UPGRADING to +0 helmet.
  2310 | D:4      | Reached skill level 6 in Axes
  2340 | D:4      | 2340 ||| FLEEEEING.
  2341 | D:4      | 2341 ||| Stepping ~*~*~tactically~*~*~ (stealth).
  2372 | D:4      | Reached skill level 1 in Dodging
  2385 | D:4      | Reached XP level 7. HP: 43/43 MP: 7/7
  2385 | D:4      | Found Lorch's Tremendous Tomes.
  2407 | D:4      | 2407 ||| Stepping ~*~*~tactically~*~*~ (stealth).
  2424 | D:4      | 2424 ||| DROPPING +1 whip of venom.
  2524 | D:4      | 2524 ||| Stepping ~*~*~tactically~*~*~ (stealth).
  2527 | D:4      | 2527 ||| Stepping ~*~*~tactically~*~*~ (hiding).
  2539 | D:4      | HP: 9/43 [gnoll/+0 halberd (4)]
  2540 | D:4      | 2540 ||| READING scroll of teleportation.
  2540 | D:4      | HP: 3/43 [gnoll/+0 halberd (6)]
  2545 | D:4      | 2545 ||| FLEEEEING.
  2548 | D:4      | 2548 ||| Stepping ~*~*~tactically~*~*~ (hiding).
  2553 | D:4      | HP: 3/43 [orc/+0 short sword (4)]
  2559 | D:4      | HP: 4/43 [gnoll/+0 heavy spear (1)]
  2564 | D:4      | HP: 3/43 [gnoll/+0 heavy spear (2)]
  2845 | D:4      | 2845 ||| DRINKING 2 cyan potions.
  2845 | D:4      | Gained mutation: You have a pair of small antennae on your
                  | head. [potion of mutation]
  2845 | D:4      | Gained mutation: You are somewhat resistant to further
                  | mutation. [potion of mutation]
  2846 | D:4      | 2846 ||| DROPPING +0 helmet.
  2847 | D:4      | 2847 ||| DRINKING 2 ruby potions.
  2848 | D:4      | 2848 ||| READING 2 scrolls of identify.
  2848 | D:4      | 2848 ||| IDENTIFYING murky black potion
  2875 | D:5      | Entered Level 5 of the Dungeon
  2875 | D:5      | Found a stormy altar of Qazlal.
  2918 | D:5      | Noticed Prince Ribbit
  2921 | D:5      | Noticed Menkaure
  2932 | D:5      | Killed Menkaure
  2933 | D:5      | Reached skill level 7 in Axes
  2933 | D:5      | HP: 10/43 [Prince Ribbit (8)]
  2934 | D:5      | Slain by Prince Ribbit

Levels and vault maps discovered:
D:1:      minmay_arrival_doors, layout_rooms, hex_large, nicolae_shop_vocational
D:2:      layout_basic
D:3:      layout_basic, gammafunk_ghost_stat_death, uniq_grinder
D:4:      layout_rooms, nicolae_shop_i_like_big_books
D:5:      layout_basic, old_standard_altar, st_stairs_2,
          hangedman_decor_opposing, minmay_chambers_of_fives, uniq_menkaure,
          uniq_sigmund, uniq_prince_ribbit1

Skill      XL: |  1  2  3  4  5  6  7 |
---------------+----------------------+-----
Axes           | 2 3 5 6 7 |  7.0
Fighting       | 4 |  4.0
Dodging        | 1 |  1.1
Armour         | |  3.2
Shields        | |  3.2

Action                     |  1- 3 |  4- 6 |  7- 9 || total
---------------------------+-------+-------+-------++-------
  Melee: War axe           |   106 |   156 |    66 ||   328
    Use: Scroll            |     3 |     4 |     2 ||     9
         Potion            |       |       |     2 ||     2
 Armour: Scale mail        |    47 |    60 |       ||   107
         Chain mail        |       |    21 |    45 ||    66
  Dodge: Dodged            |    62 |    81 |    28 ||   171
  Block: Buckler           |    17 |    28 |    19 ||    64

Table legend:
 A = Non-vault XP
 B = Vault XP
 C = Vault XP percentage of total XP
 D = Non-vault monster count
 E = Vault monster count
 F = Vault count percentage of total count
                 A         B        C        D         E       F
            +---------+---------+-------+---------+---------+-------
      Total |     492 |     439 |  47.2 |      89 |       2 |   2.2
            +---------+---------+-------+---------+---------+-------
        D:1 |      40 |       0 |   0.0 |      26 |       0 |   0.0
        D:2 |      70 |       0 |   0.0 |      17 |       0 |   0.0
        D:3 |      54 |     267 |  83.2 |      20 |       1 |   4.8
        D:4 |     320 |       0 |   0.0 |      25 |       0 |   0.0
        D:5 |       8 |     172 |  95.6 |       1 |       1 |  50.0
            +---------+---------+-------+---------+---------+-------
